 Dungeon Crawl Stone Soup version 0.22.1-1-ga44c0e5 (webtiles) character file.

6510 Starchild the Jinx (level 10, -5/63 HPs)
             Began as a Vampire Enchanter on Oct 13, 2018.
             Was a Priest of Dithmenos.
             Slain by an orc warrior (25 damage)
             ... led by an orc warlord
             ... on level 9 of the Dungeon.
             The game lasted 01:08:49 (14504 turns).

Starchild the Jinx (Vampire Enchanter)             Turns: 14504, Time: 01:08:50

Health: -5/63      AC:  5    Str:  7    XL:     10   Next: 69%
Magic:  6/15       EV: 12    Int: 21    God:    Dithmenos [***...]
Gold:   440        SH:  9    Dex: 13    Spells: 1/13 levels left

rFire    . . .     SeeInvis +   N - +0 dagger (freeze)
rCold    + . .     Gourm    .   J - +0 buckler
rNeg     + + .     Faith    .   E - +1 robe of the Eleven Suns {rPois MR+ Dex-2 Slay+3}
rPois    +         Spirit   .   k - +0 helmet
rElec    .         Reflect  +   (no cloak)
rCorr    .         Harm     .   s - +0 pair of gloves
MR       ++...                  (no boots)
Stlth    ++++++....             o - +4 amulet of reflection
HPRegen  0.10/turn              j - ring of flight
MPRegen  0.14/turn              (no ring)

@: regenerating slowly, wreathed by umbra
A: fangs 3, see invisible, unbreathing
a: Bat Form, Shadow Step, Renounce Religion, Evoke Flight


You were on level 9 of the Dungeon.
You worshipped Dithmenos.
Dithmenos was most pleased with you.
You were very thirsty.

You visited 3 branches of the dungeon, and saw 12 of its levels.
You also visited: Sewer.

You collected 440 gold pieces.

Inventory:

Hand Weapons
 a - a +2 dagger
 y - a +0 dagger of venom
 N - a +0 dagger of freezing (weapon)
Missiles
 g - 251 stones
 p - 8 javelins (quivered)
 x - 7 tomahawks
 L - 2 tomahawks of returning
Armour
 f - a +1 animal skin
 h - a +2 leather armour of fire resistance
 k - a +0 helmet (worn)
 s - a +0 pair of gloves (worn)
 A - a +2 leather armour of positive energy
 E - the +1 robe of the Eleven Suns (worn) {rPois MR+ Dex-2 Slay+3}
   (You found it on level 7 of the Dungeon)

   It affects your dexterity (-2).
   It affects your accuracy and damage with ranged weapons and melee attacks
   (+3).
   It protects you from poison.
   It affects your resistance to hostile enchantments.
 J - a +0 buckler (worn)
Magical Staves
 D - an uncursed staff of air
Jewellery
 j - a ring of flight (left hand)
 o - a +4 amulet of reflection (around neck)
Wands
 B - a wand of enslavement (10)
 C - a wand of paralysis (12)
Scrolls
 e - 4 scrolls of fog
 i - 6 scrolls of remove curse
 l - 2 scrolls of blinking
 m - 2 scrolls of fear {unknown}
 n - 3 scrolls of enchant weapon
 t - 6 scrolls of teleportation {unknown}
 v - a scroll of enchant armour {unknown}
 F - a scroll of random uselessness {unknown}
 G - 2 scrolls of magic mapping {unknown}
 H - a scroll of identify
 I - a scroll of immolation {unknown}
Potions
 b - a potion of mutation {unknown}
 c - 2 potions of might {unknown}
 d - 17 potions of blood
 q - 2 potions of brilliance {unknown}
 r - 2 potions of lignification {unknown}
 u - 4 potions of curing
 w - a potion of flight {unknown}
 z - 3 potions of haste
 K - a potion of ambrosia {unknown}
 M - a potion of invisibility
 O - a potion of heal wounds


   Skills:
 - Level 10.0 Short Blades
 - Level 2.1 Dodging
 + Level 6.8 Stealth
 - Level 5.0 Shields
 - Level 2.0 Spellcasting
 - Level 13.2 Hexes
 * Level 6.8 Invocations


You had one spell level left.
You knew the following spells:

 Your Spells              Type           Power        Failure   Level  Hunger
a - Corona                Hex            ######.      1%          1    #......
b - Ensorcelled Hibernat  Hex/Ice        ####..       1%          2    ##.....
c - Confuse               Hex            ######..     1%          3    ###....
d - Tukima's Dance        Hex            ######..     1%          3    ###....
e - Dazzling Spray        Conj/Hex       ####..       3%          3    ###....

Your spell library contained the following spells:

 Spells                   Type           Power        Failure   Level  Hunger
 Magic Dart               Conj           #...         14%         1    #......
 Sting                    Conj/Pois      #...         14%         1    #......
 Fulminant Prism          Conj/Hex       ####......   10%         4    #####..
 Poisonous Vapours        Pois/Air       #.....       22%         2    ##.....
 Searing Ray              Conj           #.....       22%         2    ##.....
 Mephitic Cloud           Conj/Pois/Air  #.......     41%         3    ###....
 Force Lance              Conj/Tloc      #.......     82%         4    #####..
 Iskenderun's Mystic Bla  Conj           #.......     82%         4    #####..
 Olgreb's Toxic Radiance  Pois           #.......     82%         4    #####..
 Venom Bolt               Conj/Pois      #.........   99%         5    ######.


Dungeon Overview and Level Annotations

Branches:
Dungeon (10/15)            Temple (1/1) D:6            Lair (0/6) D:9
    Orc (1/2) D:9

Altars:
Ashenzari
Cheibriados
Dithmenos
Elyvilon
Fedhas
Gozag
Hepliaklqana
Kikubaaqudgha
Makhleb
Nemelex Xobeh
Okawaru
Qazlal
Ru
Sif Muna
Trog
Uskayaw
Vehumet
Wu Jian
Xom
Yredelemnul
Zin
The Shining One

Annotations:
D:8 3 runed doors, SaintRoka's ghost, novice VSFi; emiel's ghost, novice KoAM


Innate Abilities, Weirdness & Mutations

You heal slowly.
You have razor-sharp teeth.
You have supernaturally acute eyesight. (SInv)
You can survive without breathing.


Message History

Press: ? - help, Shift-Dir - straight line, f - orc warrior
Aim: an orc warrior, wielding a scimitar and wearing a plate armour (unusually The orc warrior barely resists.
Casting: Tukima's Dance (safe; 1% risk of failure)
Confirm with . or Enter, or press ? or * to list all spells.
Aiming: Tukima's Dance (safe; 1% risk of failure)
Press: ? - help, Shift-Dir - straight line, f/p - orc warrior
Aim: an orc warrior, wielding a scimitar and wearing a plate armour (unusually The orc warrior barely resists.
You are feeling very thirsty.
The orc warrior hits you with a scimitar!!
Casting: Tukima's Dance (safe; 1% risk of failure)
Confirm with . or Enter, or press ? or * to list all spells.
Aiming: Tukima's Dance (safe; 1% risk of failure)
Press: ? - help, Shift-Dir - straight line, f/p - orc warrior
Aim: an orc warrior, wielding a scimitar and wearing a plate armour (unusually The scimitar dances into the air!
The orc warrior hits you!
You completely miss the orc warrior. Your bite misses the orc warrior.
The orc warrior hits you!!
You die...

# #...# ########...............
####.### #............###.......
#....# #..%....###.####.......
..#### ####.....).#..........####
.#######......##.o..#.######.....
..................>o.........####
......#######.#.###..######### #
................###o#############
.##.####........@oo..............
.##...#.....######(..(...########
.####.....### ##.#####.# ######
.........## #####..# #.###...#.
.....##### #...#.## #.##.#.#.#
.....# ###...# #.#.⌠.#.⌠. ######
##### #.'..#.#.# #.'.#.⌠.#.
#.'..#.#.#


You could see 2 orc warriors, an orc and a friendly scimitar.

Vanquished Creatures
  A centaur zombie (D:9)
  Prince Ribbit (D:7)
  A hippogriff (D:9)
  A spriggan (D:8)
  3 yaks (D:9)
  2 vampires
  2 wargs (D:9)
  A black bear (D:7)
  3 orc warriors (D:9)
  6 sky beasts
  3 phantoms
  3 ogres
  5 centaurs
  A crocodile (D:7)
  5 bullfrogs
  A gnoll sergeant (D:8)
  6 big kobolds
  A water moccasin skeleton (D:7)
  A scorpion (D:7)
  3 wights
  3 vampire bats (D:9)
  A howler monkey (D:4)
  2 crimson imps
  A bullfrog zombie (D:7)
  3 hounds
  A bullfrog skeleton (D:6)
  A centaur skeleton (D:9)
  5 orc priests
  9 orc wizards
  Terence (D:3)
  3 iguanas
  6 worker ants
  2 hound zombies
  A hound skeleton (D:6)
  Robin (D:4)
  3 worker ant zombies
  12 adders
  10 gnolls
  5 river rats
  2 shadow imps
  6 oozes
  An adder zombie (D:6)
  2 adder skeletons
  4 worms
  A dart slug (D:1)
  2 leopard geckos
  37 orcs
  4 ball pythons
  7 bats
  4 bat skeletons (D:9)
  A bat zombie (D:9)
  6 giant cockroaches
  11 goblins
  6 hobgoblins
  23 jackals
  13 kobolds
  7 quokkas
  3 frilled lizards
  A quokka skeleton (D:6)
  8 rats
269 creatures vanquished.

Vanquished Creatures (collateral kills)
  2 orc warriors
  4 wights
  An orc wizard (D:9)
  4 orcs
11 creatures vanquished.

Vanquished Creatures (others)
  4 orcs
  6 withered plants (D:8)
10 creatures vanquished.

Grand Total: 290 creatures vanquished

Notes
Turn   | Place    | Note
-------+----------+-------------------------------------------
     0 | D:1      | Starchild the Vampire Enchanter began the quest for the
                  | Orb.
     0 | D:1      | Reached XP level 1. HP: 13/13 MP: 3/3
   484 | D:1      | Reached skill level 5 in Hexes
   484 | D:1      | Reached XP level 2. HP: 13/19 MP: 3/5
   488 | D:1      | Learned a level 2 spell: Ensorcelled Hibernation
  1198 | D:2      | Found a blossoming altar of Fedhas.
  1246 | D:2      | Reached XP level 3. HP: 17/24 MP: 4/6
  1251 | D:2      | Learned a level 3 spell: Confuse
  1827 | D:2      | Reached skill level 6 in Hexes
  1866 | D:2      | Reached XP level 4. HP: 24/30 MP: 0/7
  2708 | D:3      | Noticed Terence
  2716 | D:3      | Killed Terence
  3128 | D:4      | Noticed Robin
  3149 | D:4      | Reached XP level 5. HP: 27/35 MP: 8/8
  3164 | D:4      | HP: 1/35 [river rat (1)]
  3223 | D:4      | Killed Robin
  3250 | D:4      | Found a glowing drain.
  3262 | Sewer    | Entered a sewer
  3776 | Sewer    | Reached skill level 7 in Hexes
  4050 | Sewer    | Reached skill level 5 in Short Blades
  4050 | Sewer    | Reached XP level 6. HP: 36/41 MP: 4/9
  4055 | Sewer    | Learned a level 3 spell: Tukima's Dance
  4380 | Sewer    | Reached skill level 8 in Hexes
  4465 | Sewer    | Reached XP level 7. HP: 27/46 MP: 0/10
  5348 | D:4      | Reached skill level 9 in Hexes
  6366 | D:5      | Entered Level 5 of the Dungeon
  6917 | D:5      | Reached XP level 8. HP: 52/52 MP: 5/11
  6953 | D:5      | Reached skill level 10 in Hexes
  8158 | D:6      | Reached skill level 11 in Hexes
  8846 | D:6      | Found a staircase to the Ecumenical Temple.
  8858 | Temple   | Entered the Ecumenical Temple
  8902 | Temple   | Became a worshipper of Dithmenos the Shadowed
  8972 | D:7      | Got a smoking robe
  8973 | D:7      | Identified the cursed +1 robe of the Eleven Suns {rPois MR+
                  | Dex-2 Slay+3} (You found it on level 7 of the Dungeon)
  9346 | D:7      | Reached XP level 9. HP: 44/57 MP: 9/12
  9388 | D:7      | Noticed Prince Ribbit
  9492 | D:7      | Killed Prince Ribbit
  9492 | D:7      | Reached skill level 12 in Hexes
 10122 | D:7      | Reached skill level 10 in Short Blades
 10184 | D:7      | Learned a level 3 spell: Dazzling Spray
 10377 | D:7      | Reached skill level 1 in Invocations
 10443 | D:7      | Reached skill level 13 in Hexes
 10824 | D:7      | Reached * piety under Dithmenos
 11012 | D:7      | Reached skill level 1 in Shields
 11558 | D:8      | Found a runed gate.
 11564 | D:8      | Found a runed gate.
 11565 | D:8      | Found a runed gate.
 11566 | D:8      | Noticed emiel's ghost (novice KoAM)
 11567 | D:8      | Noticed SaintRoka's ghost (novice VSFi)
 12697 | D:9      | Reached XP level 10. HP: 63/63 MP: 6/13
 12768 | D:9      | Reached ** piety under Dithmenos
 12850 | D:9      | Reached skill level 5 in Invocations
 12971 | D:9      | Reached skill level 5 in Shields
 13077 | D:9      | Found a staircase to the Lair.
 13583 | D:9      | Found a staircase to the Orcish Mines.
 13607 | D:9      | Reached skill level 5 in Stealth
 13811 | D:9      | Found a burning altar of Makhleb.
 13811 | D:9      | Noticed a cacodemon
 13815 | D:9      | Noticed a smoke demon
 14035 | D:9      | Reached *** piety under Dithmenos
 14051 | D:9      | Found an ancient bone altar of Kikubaaqudgha.
 14090 | D:10     | Entered Level 10 of the Dungeon
 14127 | Orc:1    | Entered Level 1 of the Orcish Mines
 14135 | Orc:1    | Noticed an orc warlord
 14504 | D:9      | Slain by an orc warrior

Skill      XL: |  1  2  3  4  5  6  7  8  9 10 |
---------------+-------------------------------+-----
Hexes          | 5 6 7 8 9 11 13 | 13.2
Short Blades   | 2 3 5 6 7 9 10 | 10.0
Invocations    | 4 6 |  6.8
Shields        | 3 5 |  5.0
Stealth        | 6 |  6.8
Dodging        | |  2.1
Spellcasting   | |  2.0

Action                   |  1- 3 |  4- 6 |  7- 9 | 10-12 || total
-------------------------+-------+-------+-------+-------++-------
Melee: Dagger            |    78 |   232 |   641 |   232 ||  1183
       Bite              |     3 |    13 |    54 |    12 ||    82
Throw: Javelin           |       |    11 |    18 |    11 ||    40
       Stone             |       |     2 |    10 |       ||    12
       Tomahawk          |       |       |     9 |       ||     9
 Cast: Corona            |     7 |     7 |    15 |     1 ||    30
       Ensorcelled Hiber |     5 |    16 |    63 |    14 ||    98
       Confuse           |       |     4 |    11 |     1 ||    16
       Tukima's Dance    |       |       |    10 |    13 ||    23
       Dazzling Spray    |       |       |     2 |     1 ||     3
  Use: Potion            |     1 |    11 |    19 |     4 ||    35
       Scroll            |       |     5 |     2 |     1 ||     8
 Stab: Sleeping          |    13 |    17 |    45 |    10 ||    85
       Confused          |       |       |     8 |     1 ||     9
       Distracted        |       |       |     2 |     3 ||     5
       Invisible         |       |       |     1 |       ||     1
Armor: Robe              |    12 |    20 |    26 |    14 ||    72
       Animal skin       |       |    16 |    49 |       ||    65
       Leather armour    |       |       |    12 |       ||    12
Dodge: Dodged            |    45 |   122 |   207 |    72 ||   446
Block: Other             |       |    22 |    38 |       ||    60
       Reflection        |       |     1 |     5 |     2 ||     8
       Buckler           |       |       |    23 |    63 ||    86
